[Event "FIDE Women World-chT-KO 2021"]
[Site "Sitges"]
[Date "2021.09.30"]
[Round "1.2"]
[White "Kashlinskaya, Alina"]
[Black "Perez Rodriguez, Jennifer"]
[Result "1-0"]
[ECO "D41"]
[WhiteElo "2493"]
[BlackElo "2150"]
[Annotator "ChessBase"]
[PlyCount "65"]
[EventDate "2021.09.30"]
[EventType "team-tourn"]
[EventCountry "ESP"]
[SourceTitle "playchess.com"]
[Source "ChessBase"]
[SourceQuality "1"]
[WhiteTeam "RUS"]
[BlackTeam "FIDE Americas"]
[WhiteTeamCountry "RUS"]
[TimeControl "2700+10"]

1. d4 d5 2. c4 e6 3. Nc3 Nf6 4. Nf3 c5 5. cxd5 Nxd5 6. e4 Nxc3 7. bxc3 cxd4 8.
cxd4 Bb4+ 9. Bd2 Bxd2+ 10. Qxd2 O-O 11. Bc4 Nd7 12. O-O b6 13. d5 Nc5 14. Rfe1 exd5 15. exd5 Qd6 16. Ne5 Bb7 17. Rad1 Rad8 18. a3 Rfe8 19. Qd4 Re7 20. Re3 a6 21. h4 Rde8 22. Nxf7 Kxf7 23. Re6 Qd7 24. Qf4+ Kg8 25. Rxe7 Rxe7 26. d6+ Re6 27. Qe5 Kf8 28. Bxe6 Nxe6 29. Qxe6 Qxe6 30. d7 Qe7 31. d8=Q+ Qxd8 32. Rxd8+ Ke7 33. Rb8 1-0

[Event "FIDE Women World-chT-KO 2021"]
[Site "Sitges"]
[Date "2021.09.30"]
[Round "1.2"]
[White "Javakhishvili, Lela"]
[Black "Mamedjarova, Zeinab"]
[Result "1-0"]
[ECO "A85"]
[WhiteElo "2465"]
[BlackElo "2198"]
[Annotator "ChessBase"]
[PlyCount "61"]
[EventDate "2021.09.30"]
[EventType "team-tourn"]
[EventCountry "ESP"]
[SourceTitle "playchess.com"]
[Source "ChessBase"]
[SourceQuality "1"]
[WhiteTeam "Georgia"]
[WhiteTeamCountry "GEO"]
[TimeControl "2700+10"]

1. d4 e6 2. c4 f5 3. Nc3 Nf6 4. e3 Be7 5. Bd3 O-O 6. Nf3 b6 7. e4 fxe4 8.
Nxe4 Bb7 9. Nc3 Qe8 10. O-O Nc6 11. a3 a5 12. Re1 Qh5 13.
Ne2 Bd6 14. Nf4 Bxf4 15. Bxf4 Ne8 16. Bg3 a4 17. d5 Na5 18. Re5 Qh6 19. Nd4 g6 20. dxe6 dxe6 21. Nxe6 Rf6 22. Qg4 Qd2 23. Re3 Qxb2 24. Rae1 Bc8 25. Qe4 Rb8 26. Ng5 Bb7 27. Qh4 h5 28. Rxe8+ Rxe8 29. Rxe8+ Kg7 30. Be5 Qc1+ 31. Bf1 1-0

[Event "FIDE Women World-chT-KO 2021"]
[Site "Sitges"]
[Date "2021.09.30"]
[Round "1.2"]
[White "Buksa, Nataliya"]
[Black "Ghukasyan, Siranush"]
[Result "1-0"]
[ECO "C95"]
[WhiteElo "2417"]
[BlackElo "2168"]
[Annotator "ChessBase"]
[PlyCount "99"]
[EventDate "2021.09.30"]
[EventType "team-tourn"]
[EventCountry "ESP"]
[SourceTitle "playchess.com"]
[Source "ChessBase"]
[SourceQuality "1"]
[WhiteTeam "Ukraine"]
[BlackTeam "Armenia"]
[WhiteTeamCountry "UKR"]
[BlackTeamCountry "ARM"]
[TimeControl "2700+10"]

1. e4 e5 2. Nf3 Nc6 3. Bb5 a6 4. Ba4 Nf6 5. O-O Be7 6. Re1 b5 7. Bb3 d6 8. c3 O-O 9. h3 Nb8 10. d4 Nbd7 11. Nbd2 Bb7 12. Bc2 Re8 13. Nf1 Bf8 14. Ng3 g6 15. b3 Bg7 16. d5 Nb6 17. Rb1 c5 18.
c4 b4 19. Bg5 h6 20. Be3 a5 21. Nh2 Qe7 22. Rf1 Nbd7 23. f3 Kh7 24. Qd2 Ng8 25. Rf2 Rf8 26. Rbf1 Bc8 27. Ne2 a4 28. g3 axb3 29. axb3 Nb6 30. Kg2 f5 31. f4 fxe4 32. Bxe4 exf4 33. Rxf4 Rxf4 34. Bxg6+ Kh8 35. Nxf4 Bc3 36. Qf2 Nd7 37. Bb1 Ne5 38. Nf3 Qe8 39. Nxe5 dxe5 40. Ng6+ Kg7 41. Bxc5 e4 42. Nh4 Nf6 43. Bd4 Bxd4 44. Qxd4 Ra6 45. c5 e3 46. d6 Qe6 47. Nf5+ Kh8 48. Nxe3 Qxh3+ 49. Kg1 Qxg3+ 50. Ng2 1-0

[Event "FIDE Women World-chT-KO 2021"]
[Site "Sitges"]
[Date "2021.09.30"]
[Round "1.2"]
[White "Vaishali R"]
[Black "Saduakassova, Dinara"]
[Result "1/2-1/2"]
[ECO "C77"]
[WhiteElo "2414"]
[BlackElo "2489"]
[Annotator "ChessBase"]
[PlyCount "100"]
[EventDate "2021.09.30"]
[EventType "team-tourn"]
[EventCountry "ESP"]
[SourceTitle "playchess.com"]
[Source "ChessBase"]
[SourceQuality "1"]
[WhiteTeam "India"]
[BlackTeam "Kazakhstan"]
[WhiteTeamCountry "IND"]
[BlackTeamCountry "KAZ"]
[TimeControl "2700+10"]

1. e4 e5 2. Nf3 Nc6 3. Bb5 a6 4. Ba4 Nf6 5. d3 d6 6. c4 g6 7. Nc3 Bg7 8. Nd5 h6 9. Nb4 Bd7 10. Nxc6 bxc6 11. c5 O-O 12. O-O Qe7 13. Re1 Rfd8 14. Qc2 Rab8 15. Be3 Nh5 16. Rab1 f5 17. exf5 gxf5 18. cxd6 cxd6 19. Bxc6 Rdc8 20. Bd5+ Kh7 21. Qe2 Nf6 22. Bc4 Bb5 23. Nh4 Qd7 24. f4 Ng4 25. Bxb5 Rxb5 26. h3 Nxe3 27. Qxe3 Rc2 28. Rf1 Bf6 29. Qg3 Bxh4 30. Qxh4 Rbxb2 31. Rxb2 Rxb2 32. fxe5 Qg7 33. Rf2 Rb1+ 34. Kh2 Qxe5+ 35. Qf4 Kg6 36. g4 fxg4 37. hxg4 Rd1 38. Qxe5 dxe5 39. Rf5 Rd2+ 40. Kg1 Rxa2 41. Rxe5 a5 42. d4 a4 43. Ra5 a3 44. Kf1 Kf6 45. Ke1 Ke6 46. Kd1 Kd6 47. Kc1 Rg2 48. Rxa3 Kd5 49. Rh3 Rxg4 50. Rxh6 Kxd4 1/2-1/2

[Event "FIDE Women World-chT-KO 2021"]
[Site "Sitges"]
[Date "2021.09.30"]
[Round "1.2"]
[White "Sargsyan, Anna M."]
[Black "Osmak, Iulija"]
[Result "0-1"]
[ECO "E17"]
[WhiteElo "2402"]
[BlackElo "2302"]
[Annotator "ChessBase"]
[PlyCount "122"]
[EventDate "2021.09.30"]
[EventType "team-tourn"]
[EventCountry "ESP"]
[SourceTitle "playchess.com"]
[Source "ChessBase"]
[SourceQuality "1"]
[WhiteTeam "Armenia"]
[WhiteTeamCountry "ARM"]
[TimeControl "2700+10"]

1. d4 Nf6 2. c4 e6 3. Nf3 b6 4. g3 Bb7 5. Bg2 Be7 6. d5 exd5 7. Nh4 c6 8.
cxd5 Nxd5 9. Nf5 O-O 10. O-O Nc7 11. e4 d5 12. Nc3 Bf6 13. exd5 cxd5 14. Bf4 Nba6 15.
Rc1 Qd7 16. Nd6 Bc6 17. Nxd5 Bxd5 18. Bxd5 Nxd5 19. Qxd5 Bxb2 20. Rcd1 Nc5 21. Rfe1 Bc3 22. Re3 Bf6 23. Qh5 Rad8 24. Ree1 Qc6 25. Be5 g6 26. Qe2 Bxe5 27. Qxe5 Qf3 28. Rf1 f6 29. Qd4 Rd7 30. Qc4+ Kg7 31. Rd4 Re7 32. a4 Qb3 33. Qxb3 Nxb3 34. Rb4 Nc5 35. a5 Rd8 36. Nb5 a6 37. Nd4 Nd3 38. Nc6 Nxb4 39. Nxd8 bxa5 40. Rd1 Kf8 41. Rd6 Ke8 42. Nc6 Nxc6 43. Rxc6 Ra7 44. Rxf6 Ke7 45. Rc6 Kd7 46. Rc5 a4 47. Ra5 Kc6 48. Rxa4 Kb5 49. Ra1 a5 50. Kf1 Kc4 51. Ke2 Kc3 52. Ra3+ Kb2 53. Ra4 Kb3 54. Ra1 a4 55. Rb1+ Kc2 56. Rb8 a3 57. Rc8+ Kb3 58. Rb8+ Ka4 59. Rb1 a2 60. Ra1 Kb3 61. f4 Kb2 0-1

[Event "FIDE Women World-chT-KO 2021"]
[Site "Sitges"]
[Date "2021.09.30"]
[Round "1.2"]
[White "Kamalidenova, Meruert"]
[Black "Tania, Sachdev"]
[Result "1-0"]
[ECO "C88"]
[WhiteElo "2339"]
[BlackElo "2392"]
[Annotator "ChessBase"]
[PlyCount "71"]
[EventDate "2021.09.30"]
[EventType "team-tourn"]
[EventCountry "ESP"]
[SourceTitle "playchess.com"]
[Source "ChessBase"]
[SourceQuality "1"]
[WhiteTeam "Kazakhstan"]
[BlackTeam "India"]
[WhiteTeamCountry "KAZ"]
[BlackTeamCountry "IND"]
[TimeControl "2700+10"]

1. e4 e5 2. Nf3 Nc6 3. Bb5 a6 4. Ba4 Nf6 5. O-O Be7 6. Re1 b5 7. Bb3 O-O 8. a4 b4 9. d3 d6 10. Nbd2 Na5 11. h3 Nxb3 12. Nxb3 c5 13.
a5 Rb8 14. Nbd2 Be6 15. c3 bxc3 16. bxc3 Rb5 17. Qa4 Nh5 18. d4 cxd4 19. cxd4 Nf4 20. d5 Bd7 21. Qa2 Qc8 22. Nc4 Nxg2 23. Kxg2 Bxh3+ 24. Kh2 Qg4 25. Rg1 Qh5 26. Rg3 Bf5+ 27. Kg1 Bxe4 28. Qe2 f5 29. Ncd2 Bxd5 30. Ra4 Rc5 31. Qd1 e4 32. Bb2 Bf6 33. Qa1 exf3 34. Bxf6 Rxf6 35. Qxf6 Rc1+ 36. Nf1 1-0

[Event "FIDE Women World-chT-KO 2021"]
[Site "Sitges"]
[Date "2021.10.01"]
[Round "2.1"]
[White "Goryachkina, Aleksandra"]
[Black "Muzychuk, Anna"]
[Result "1/2-1/2"]
[ECO "D47"]
[WhiteElo "2608"]
[BlackElo "2534"]
[Annotator "ChessBase"]
[PlyCount "98"]
[EventDate "2021.09.30"]
[EventType "team-tourn"]
[EventCountry "ESP"]
[SourceTitle "playchess.com"]
[Source "ChessBase"]
[SourceQuality "1"]
[WhiteTeam "Russia"]
[BlackTeam "Ukraine"]
[WhiteTeamCountry "RUS"]
[BlackTeamCountry "UKR"]
[TimeControl "2700+10"]

1. d4 d5 2. c4 c6 3. Nf3 Nf6 4. Nc3 e6 5. e3 Nbd7 6. Bd3 dxc4 7. Bxc4 b5 8.
Bd3 Bd6 9. O-O O-O 10. Qc2 Bb7 11. e4 e5 12. dxe5 Nxe5 13. Nxe5 Bxe5 14. h3 Re8 15. Be3 Bd4 16. Bxd4 Qxd4 17. Rad1 Qc5 18. Rfe1 a5 19. Re3 b4 20. Na4 Qxc2 21. Bxc2 Ba6 22. Nc5 Bc4 23. Bb3 Bxb3 24. axb3 Re5 25. Rc1 g5 26. Rc4 Rd8 27. Nd3 Rxe4 28. Rcxe4 Nxe4 29. Nxb4 Rd1+ 30. Kh2 axb4 31. Rxe4 Rd2 32. f3 c5 33. Re5 h6 34. Rxc5 Rxb2 35. h4 gxh4 36. Kh3 Kg7 37. Rc6 Rxb3 38. Rb6 Rb2 39. Kxh4 Rxg2 40. Rxb4 Kg6 41. Kh3 Rg1 42. Kh2 Rg5 43. Kh3 f6 44. Ra4 Rc5 45. Kg3 h5 46. Rb4 Kg5 47. Ra4 Rc3 48. Rb4 f5 49. Ra4 Rb3 1/2-1/2

[Event "FIDE Women World-chT-KO 2021"]
[Site "Sitges"]
[Date "2021.10.01"]
[Round "2.1"]
[White "Lagno, Kateryna"]
[Black "Ushenina, Anna"]
[Result "1/2-1/2"]
[ECO "C42"]
[WhiteElo "2550"]
[BlackElo "2428"]
[Annotator "ChessBase"]
[PlyCount "61"]
[EventDate "2021.09.30"]
[EventType "team-tourn"]
[EventCountry "ESP"]
[SourceTitle "playchess.com"]
[Source "ChessBase"]
[SourceQuality "1"]
[WhiteTeam "Russia"]
[BlackTeam "Ukraine"]
[WhiteTeamCountry "RUS"]
[BlackTeamCountry "UKR"]
[TimeControl "2700+10"]

1. e4 e5 2. Nf3 Nf6 3. Nxe5 d6 4. Nf3 Nxe4 5. d4 d5 6. Bd3 Nc6 7. O-O Be7 8. Nbd2 Nxd2 9. Bxd2 Bg4 10. c3 O-O 11. h3 Bh5 12. g3 Qd7 13. Kg2 Bg6 14. Bxg6 hxg6 15. Bf4 Bd6 16. Qd2 Rae8 17. Rfe1 Bxf4 18. Qxf4 f6 19. h4 Nd8 20. Rxe8 Rxe8 21. Re1 Rxe1 22. Nxe1 Nf7 23. Nd3 Nd6 24. Nc5 Qe7 25. Qg4 Kf7 26. Qf3 c6 27. Nd3 Kg8 28. Nf4 Kf7 29. Nd3 Kg8 30. Nf4 Kf7 31. Nd3 1/2-1/2

[Event "FIDE Women World-chT-KO 2021"]
[Site "Sitges"]
[Date "2021.10.01"]
[Round "2.1"]
[White "Muzychuk, Mariya"]
[Black "Kosteniuk, Alexandra"]
[Result "1/2-1/2"]
[ECO "C54"]
[WhiteElo "2540"]
[BlackElo "2526"]
[Annotator "ChessBase"]
[PlyCount "113"]
[EventDate "2021.09.30"]
[EventType "team-tourn"]
[EventCountry "ESP"]
[SourceTitle "playchess.com"]
[Source "ChessBase"]
[SourceQuality "1"]
[WhiteTeam "Ukraine"]
[BlackTeam "Russia"]
[WhiteTeamCountry "UKR"]
[BlackTeamCountry "RUS"]
[TimeControl "2700+10"]

1. e4 e5 2. Nf3 Nc6 3. Bc4 Bc5 4. c3 Nf6 5. d4 exd4 6. e5 d5 7. Bb5 Ne4 8. cxd4 Bb6 9. Nc3 O-O 10. Be3 f5 11. exf6 Rxf6 12. Rc1 Ne7 13.
Ne5 Nxc3 14. bxc3 Qd6 15. O-O c5 16. c4 a6 17. Ba4 cxd4 18.
Bxd4 Bxd4 19. Qxd4 dxc4 20. Qxd6 Rxd6 21. Nxc4 Rf6 22. Rfe1 Kf8 23. Ne5 Be6 24. Bb3 Rc8 25. Bxe6 Rxe6 26. Rxc8+ Nxc8 27. Nd7+ Ke7 28. Rxe6+ Kxe6 29. Nc5+ Kd5 30. Nxb7 Na7 31. a4 Nc8 32. f4 Nb6 33. g4 Nxa4 34. Kf2 Nc5 35. Na5 Ke4 36. Kg3 g6 37. h4 Ke3 38. Nc4+ Kd4 39. Na5 Ne4+ 40. Kf3 Nd2+ 41. Ke2 Nc4 42. Nb3+ Ke4 43. f5 gxf5 44. Nc5+ Kd5 45. Nxa6 fxg4 46. Kf2 h5 47. Nc7+ Ke5 48. Ne8 Kf5 49. Ng7+ Kg6 50. Ne6 Nd6 51. Nf4+ Kh6 52. Ng2 Nf5 53. Ke2 Nd4+ 54. Ke3 Nf3 55. Ke4 Nxh4 56. Nxh4 Kg5 57. Nf3+ 1/2-1/2

[Event "FIDE Women World-chT-KO 2021"]
[Site "Sitges"]
[Date "2021.10.01"]
[Round "2.1"]
[White "Dzagnidze, Nana"]
[Black "Harika, Dronavalli"]
[Result "1/2-1/2"]
[ECO "A05"]
[WhiteElo "2525"]
[BlackElo "2511"]
[Annotator "ChessBase"]
[PlyCount "27"]
[EventDate "2021.09.30"]
[EventType "team-tourn"]
[EventCountry "ESP"]
[SourceTitle "playchess.com"]
[Source "ChessBase"]
[SourceQuality "1"]
[WhiteTeam "Georgia"]
[BlackTeam "India"]
[WhiteTeamCountry "GEO"]
[BlackTeamCountry "IND"]
[TimeControl "2700+10"]

1. Nf3 Nf6 2. c4 g6 3. g3 Bg7 4. Bg2 c6 5. O-O d5 6. cxd5 cxd5 7. Nc3 O-O 8. d4 Ne4 9. Qb3 Nc6 10. Rd1 Na5 11. Qb4 Nc6 12. Qb3 Na5 13.
Qb4 Nc6 14. Qb3 1/2-1/2

[Event "FIDE Women World-chT-KO 2021"]
[Site "Sitges"]
[Date "2021.10.01"]
[Round "2.1"]
[White "Javakhishvili, Lela"]
[Black "Kulkarni Bhakti"]
[Result "1-0"]
[ECO "E16"]
[WhiteElo "2465"]
[BlackElo "2388"]
[Annotator "ChessBase"]
[PlyCount "189"]
[EventDate "2021.09.30"]
[EventType "team-tourn"]
[EventCountry "ESP"]
[SourceTitle "playchess.com"]
[Source "ChessBase"]
[SourceQuality "1"]
[WhiteTeam "Georgia"]
[BlackTeam "India"]
[WhiteTeamCountry "GEO"]
[BlackTeamCountry "IND"]
[TimeControl "2700+10"]

1. d4 Nf6 2. c4 e6 3. Nf3 Bb4+ 4. Bd2 Qe7 5. Nc3 Bxc3 6. Bxc3 Ne4 7. Rc1 O-O 8. g3 Nxc3 9. Rxc3 d6 10. Bg2 e5 11. O-O Nc6 12. d5 Nb8 13.
e4 f5 14. exf5 Bxf5 15. c5 Na6 16. cxd6 cxd6 17. Nh4 Bd7 18.
Qb3 Rab8 19. a3 b5 20. Rfc1 b4 21. axb4 Rxb4 22. Qa2 Ra4 23. Ra3 Rxa3 24. Qxa3 Bb5 25. Qa5 Qb7 26. Rc3 Bd7 27. Bf1 Qxb2 28. Rf3 Nc5 29. Qxa7 Qb7 30. Qxb7 Nxb7 31. Rb3 Nc5 32. Rb6 Rf6 33. Ng2 Na4 34. Rb4 Nc5 35. Ne3 Kf7 36. h4 Ke7 37. Bb5 Bc8 38. Be2 Kd8 39. Kg2 Kc7 40. f4 exf4 41. Rxf4 Rxf4 42. gxf4 Kd8 43. Kf3 Ke7 44. f5 Bb7 45. Kf4 Nd7 46. Ke4 Ne5 47. Kf4 Kf6 48. Ke4 Nd7 49. Ng4+ Ke7 50. Ne3 Ne5 51. Kf4 Kf6 52. Ke4 Bc8 53. Bb5 Nf7 54. Ng4+ Ke7 55. Kf4 Nd8 56. Bd3 Kf7 57. Bb5 Ke7 58. Bd3 Kf7 59. h5 h6 60. Bb5 Bb7 61. Bc4 Bc8 62. Bd3 Bb7 63. Be4 Bc8 64. Bd3 Bb7 65.
Bc4 Bc8 66. Bb3 Nb7 67. Bc4 Nc5 68. Bb5 Nb3 69. Bd3 Nd4 70. Ne3 Bb7 71. Bc4 Kf6 72. Ke4 Kg5 73. Kxd4 Kxh5 74. Be2+ Kg5 75. Bd3 h5 76. Nc4 Ba6 77. Nxd6 Bxd3 78. Kxd3 Kf4 79. Kd4 h4 80. Ne4 Kxf5 81. d6 Ke6 82. Kc5 Kd7 83. Kd5 h3 84. Nc5+ Kd8 85. Ne6+ Kd7 86. Nc5+ Kd8 87. Ne4 Kd7 88. Ke5 h2 89. Ng3 g6 90. Nh1 g5 91. Ng3 Kd8 92. Ke6 Ke8 93. d7+ Kd8 94. Nh1 g4 95. Ng3 1-0

[Event "FIDE Women World-chT-KO 2021"]
[Site "Sitges"]
[Date "2021.10.01"]
[Round "2.1"]
[White "Vaishali R"]
[Black "Batsiashvili, Nino"]
[Result "1/2-1/2"]
[ECO "C70"]
[WhiteElo "2414"]
[BlackElo "2486"]
[Annotator "ChessBase"]
[PlyCount "122"]
[EventDate "2021.09.30"]
[EventType "team-tourn"]
[EventCountry "ESP"]
[SourceTitle "playchess.com"]
[Source "ChessBase"]
[SourceQuality "1"]
[WhiteTeam "India"]
[BlackTeam "Georgia"]
[WhiteTeamCountry "IND"]
[BlackTeamCountry "GEO"]
[TimeControl "2700+10"]

1. e4 e5 2. Nf3 Nc6 3. Bb5 a6 4. Ba4 Bc5 5. c3 Nge7 6. O-O Ba7 7. d4 Ng6 8. Bg5 f6 9. Be3 O-O 10. Nbd2 d6 11. Re1 Kh8 12. h3 Bd7 13. Bc2 exd4 14. Nxd4 Nxd4 15.
Bxd4 Qe8 16. Nf1 c5 17. Be3 Qe5 18. Qd2 Rad8 19. f4 Qe8 20.
Ng3 Bb8 21. Rad1 Bc6 22. Bb3 Ne7 23. Qf2 b6 24. Rd2 a5 25.
Bd5 Qd7 26. f5 b5 27. Rf1 Qb7 28. Qf3 c4 29. Nh5 Rde8 30. Kh1 Nxd5 31. exd5 Bxd5 32. Qxd5 Qxd5 33. Rxd5 Rxe3 34. Rxb5 a4 35.
Rb7 d5 36. Rxg7 a3 37. bxa3 Rxc3 38. Rb1 Bf4 39. Rd7 Rc1+ 40. Rxc1 Bxc1 41. Rxd5 Rc8 42. Nxf6 Bb2 43. Ne4 c3 44. Nxc3 Rxc3 45. a4 Ra3 46. Ra5 Rxa2 47. Kh2 Kg7 48. Kg3 Bd4 49. Kf3 Kf6 50. Ke4 Bg1 51. g3 Ra3 52. Ra6+ Kf7 53. g4 Rxh3 54. g5 Rh4+ 55. Kd5 Be3 56. Rh6 Bxg5 57. Rxh4 Bxh4 58. Ke4 Be1 59. Kf3 Kf6 60. Kg2 Kxf5 61. Kh1 Ke5 1/2-1/2

[Event "FIDE Women World-chT-KO 2021"]
[Site "Sitges"]
[Date "2021.10.01"]
[Round "2.1"]
[White "Gomes, Mary Ann"]
[Black "Melia, Salome"]
[Result "1-0"]
[ECO "A37"]
[WhiteElo "2354"]
[BlackElo "2371"]
[Annotator "NA"]
[PlyCount "109"]
[EventDate "2021.09.30"]
[EventType "team-tourn"]
[EventCountry "ESP"]
[SourceTitle "playchess.com"]
[Source "ChessBase"]
[SourceQuality "1"]
[WhiteTeam "India"]
[BlackTeam "Georgia"]
[WhiteTeamCountry "IND"]
[BlackTeamCountry "GEO"]
[TimeControl "2700+10"]

1. Nf3 c5 2. c4 Nc6 3. Nc3 g6 4. g3 Bg7 5. Bg2 e6 6. d4 Nxd4 7. Nxd4 cxd4 8. Nb5 Qb6 9. e3 d5 10. Nxd4 Ne7 11. O-O O-O 12. cxd5 Nxd5 13. Nb3 Nb4 14. e4 Rd8 15. Qf3 Nc2 16. Rb1 $1 e5 17. Bg5 Re8 18. Rfc1 Nd4 19. Nxd4 exd4 20. Bf4 Be6 21. Bc7 Qb5 22. e5 Bxa2 23. Ra1 $14 Bh6 24. Rd1 Rac8 25. Bd6 Bb3 26. Rxd4 a5 27. Qxb7 Qxb7 28. Bxb7 Rc2 29. Rxa5 Rxb2 30. Rb5 Rb1+ 31. Kg2 Bc2 32. Rxb1 Bxb1 33. Bd5 Bf5 34. Ra4 Bg7 35. f4 h5 36. Ra7 Be6 37. Bxe6 fxe6 38. Kh3 Kh7 39. Be7 Kg8 40. Kh4 Bh6 41. Bg5 Bg7 42. Bf6 Bh6 43. h3 Rc8 44. Re7 Rc6 45. Re8+ Kf7 46. Rh8 Bf8 47. g4 hxg4 48. hxg4 Rc3 49. Kg5 Rg3 50. Rh7+ Ke8 51. Rb7 Rg2 52. Kxg6 Rxg4+ 53. Bg5 Rg2 54. Rb8+ Kd7 55. Rxf8 1-0

[Event "FIDE Women World-chT-KO 2021"]
[Site "Sitges"]
[Date "2021.10.01"]
[Round "2.1"]
[White "Osmak, Iulija"]
[Black "Kashlinskaya, Alina"]
[Result "0-1"]
[ECO "E10"]
[WhiteElo "2302"]
[BlackElo "2493"]
[Annotator "ChessBase"]
[PlyCount "124"]
[EventDate "2021.09.30"]
[EventType "team-tourn"]
[EventCountry "ESP"]
[SourceTitle "playchess.com"]
[Source "ChessBase"]
[SourceQuality "1"]
[BlackTeam "Russia"]
[BlackTeamCountry "RUS"]
[TimeControl "2700+10"]

1. d4 Nf6 2. c4 e6 3. Nf3 d5 4. g3 Bb4+ 5. Bd2 Be7 6. Bg2 O-O 7. O-O Nbd7 8.
Qc2 c6 9. Rd1 b6 10. Bf4 Bb7 11. Ne5 Nh5 12. Bc1 Nhf6 13. Bf4 Nh5 14. Bc1 Nhf6 15. cxd5 cxd5 16. Nc6 Bxc6 17. Qxc6 Rc8 18. Qa4 Qc7 19. Nc3 Qb7 20. Bf4 a6 21. Qb3 Nh5 22. Bd2 Nhf6 23. Rac1 Bd6 24. Re1 Qb8 25. Qa4 Rc4 26. Qxa6 Rxd4 27. Rc2 Rc4 28. e3 b5 29. b3 Nc5 30. Qa5 Bc7 31. Qa3 b4 32. Qc1 Nd3 33. Qd1 Nxe1 34. Bxe1 Rxc3 35. Bxc3 bxc3 36. Rxc3 Be5 37. Rc6 Rc8 38. Qc2 Rxc6 39. Qxc6 h5 40.
Bf1 g6 41. Bb5 Qa7 42. a4 Qa5 43. Qc1 Qb4 44. Qc2 Kg7 45. Bd3 h4 46. Kg2 hxg3 47. hxg3 Nd7 48. Qd1 Nc5 49. Bc2 Qc3 50. Qb1 Na6 51. Bd1 Nb4 52. Be2 Bc7 53. Qd1 e5 54. Bb5 e4 55. Be8 Nd3 56. Bb5 Bb6 57.
Kf1 d4 58. exd4 Qxd4 59. Qe2 Qa1+ 60. Kg2 Bxf2 61. Qxe4 Qg1+ 62. Kf3 Qh1+ 0-1

[Event "FIDE Women World-chT-KO 2021"]
[Site "Sitges"]
[Date "2021.10.01"]
[Round "2.2"]
[White "Muzychuk, Anna"]
[Black "Goryachkina, Aleksandra"]
[Result "0-1"]
[ECO "C45"]
[WhiteElo "2534"]
[BlackElo "2608"]
[Annotator "ChessBase"]
[PlyCount "122"]
[EventDate "2021.09.30"]
[EventType "team-tourn"]
[EventCountry "ESP"]
[SourceTitle "playchess.com"]
[Source "ChessBase"]
[SourceQuality "1"]
[WhiteTeam "Ukraine"]
[BlackTeam "Russia"]
[WhiteTeamCountry "UKR"]
[BlackTeamCountry "RUS"]
[TimeControl "2700+10"]

1. e4 e5 2. Nf3 Nc6 3. d4 exd4 4. Nxd4 Nf6 5. Nxc6 bxc6 6.
e5 Qe7 7. Qe2 Nd5 8. g3 a5 9. Bg2 Nb6 10. b3 a4 11. Ba3 Qe6 12. Bxf8 Rxf8 13. Nc3 axb3 14. cxb3 Ba6 15. Qe4 O-O-O 16. O-O-O f6 17. f4 fxe5 18. Qxe5 Qxe5 19. fxe5 Rde8 20. Rhe1 Rf5 21. e6 Rxe6 22. Rxe6 dxe6 23. Be4 Rh5 24. Rd2 h6 25. Rf2 Kb7 26. Kd2 Nd5 27. Bc2 Nxc3 28. Kxc3 Kb6 29. Be4 c5 30. Rf8 c6 31. Rf2 Re5 32. Bg6 Re1 33.
Bf7 c4 34. bxc4 Kc5 35. Rf4 g5 36. Rg4 Re3+ 37. Kd2 Ra3 38.
h4 Bxc4 39. hxg5 hxg5 40. Rxg5+ Kd6 41. Rg8 Rxa2+ 42. Ke3 Ke5 43. Rg5+ Kf6 44. Rc5 Ra3+ 45. Kf2 Bd5 46. Bh5 Ke5 47. Rc1 Ra2+ 48. Be2 Ke4 49. g4 Kf4 50. Rc3 e5 51. Ke1 e4 52. Kf2 Rb2 53.
Ke1 e3 54. Rc1 Rb8 55. Kd1 Be4 56. Rc5 Rd8+ 57. Ke1 Rh8 58. Rh5 Ra8 59. Rc5 Ra1+ 60. Bd1 Bd3 61. Rc3 Bb5 0-1

[Event "FIDE Women World-chT-KO 2021"]
[Site "Sitges"]
[Date "2021.10.01"]
[Round "2.2"]
[White "Kosteniuk, Alexandra"]
[Black "Muzychuk, Mariya"]
[Result "0-1"]
[ECO "B40"]
[WhiteElo "2526"]
[BlackElo "2540"]
[Annotator "ChessBase"]
[PlyCount "96"]
[EventDate "2021.09.30"]
[EventType "team-tourn"]
[EventCountry "ESP"]
[SourceTitle "playchess.com"]
[Source "ChessBase"]
[SourceQuality "1"]
[WhiteTeam "Russia"]
[BlackTeam "Ukraine"]
[WhiteTeamCountry "RUS"]
[BlackTeamCountry "UKR"]
[TimeControl "2700+10"]

1. e4 c5 2. Nf3 e6 3. c3 d5 4. e5 d4 5. Na3 Nc6 6. Bd3 f5 7. h4 Nh6 8. Bb5 Bd7 9. d3 Ng4 10. Bf4 a6 11. Ba4 b5 12. Bc2 dxc3 13. bxc3 c4 14. Nb1 cxd3 15. Bxd3 Bc5 16. O-O Qb6 17. Qe2 Ne7 18. Bg3 Nd5 19. Nh2 Nxh2 20. Bxh2 O-O 21. Rc1 Rac8 22. Rc2 Rfd8 23. Kf1 Be7 24. Bg3 a5 25. a3 Be8 26. Raa2 Rc5 27. Rc1 Rdc8 28. Rac2 R5c7 29. Kg1 Rc5 30. Qe1 Qc7 31. c4 bxc4 32. Rxc4 Qb6 33. Nd2 Rxc4 34. Rxc4 Rb8 35. Rc1 Bxa3 36. Nc4 Qd4 37. Nxa3 Qxd3 38. Qxa5 f4 39. Bh2 f3 40. Bg3 fxg2 41. Nc4 Rc8 42. Qa6 Rc6 43. Qa8 Nc7 44. Qa4 Qe4 45.
Qb4 h6 46. Kh2 Bh5 47. Qb8+ Kh7 48. Qb2 Rxc4 0-1

[Event "FIDE Women World-chT-KO 2021"]
[Site "Sitges"]
[Date "2021.10.01"]
[Round "2.2"]
[White "Harika, Dronavalli"]
[Black "Dzagnidze, Nana"]
[Result "1/2-1/2"]
[ECO "D02"]
[WhiteElo "2511"]
[BlackElo "2525"]
[Annotator "ChessBase"]
[PlyCount "85"]
[EventDate "2021.09.30"]
[EventType "team-tourn"]
[EventCountry "ESP"]
[SourceTitle "playchess.com"]
[Source "ChessBase"]
[SourceQuality "1"]
[WhiteTeam "India"]
[BlackTeam "Georgia"]
[WhiteTeamCountry "IND"]
[BlackTeamCountry "GEO"]
[TimeControl "2700+10"]

1. e4 c6 2. d4 d5 3. exd5 cxd5 4. Nf3 Nf6 5. c3 Nc6 6. Bf4 g6 7. Be2 Bg7 8. O-O O-O 9. h3 Ne4 10. Nbd2 Bf5 11. Re1 a6 12. Bf1 Qb6 13. Qb3 Qxb3 14. Nxb3 h6 15. Ne5 Bxe5 16. dxe5 g5 17. Bh2 b6 18. Rad1 e6 19. Nd4 Ne7 20. Nxf5 Nxf5 21. c4 Rfd8 22. cxd5 Rxd5 23. Rxd5 exd5 24. Bd3 Nd4 25. Bxe4 dxe4 26. Rxe4 Rc8 27. Bg3 Rc1+ 28. Kh2 Rd1 29. h4 Kh7 30. hxg5 hxg5 31. Rg4 Kg6 32. f4 Ne6 33. fxg5 Rd2 34. Rb4 b5 35. a4 bxa4 36. Rxa4 Rxb2 37. Rxa6 Kxg5 38. Ra7 Kg6 39. Ra6 Rc2 40. Ra4 Kf5 41. Ra1 Rc4 42. Rf1+ Nf4 43. Bxf4 1/2-1/2